 Dungeon Crawl Stone Soup version 0.29-a0-384-g6960b1960d (webtiles) character file.

Game seed: 13515534888276124805

553 YayAnonymity the Chopper (level 7, -5/61 HPs)
             Began as a Hill Orc Fighter on May 6, 2022.
             Was a Believer of Zin.
             Slain by an ogre
             ... wielding a +0 giant club
              (22 damage)
             ... on level 5 of the Dungeon.
             The game lasted 00:07:37 (3160 turns).

YayAnonymity the Chopper (Hill Orc Fighter)         Turns: 3160, Time: 00:07:38

Health: -5/61      AC: 13    Str: 21    XL:     7   Next: 29%
Magic:  10/10      EV:  5    Int:  8    God:    Zin [**....]
Gold:   154        SH:  4    Dex: 10    Spells: 6/6 levels left

rFire   . . .      SeeInvis .   a - +0 war axe
rCold   . . .      Faith    .   c - +0 buckler
rNeg    . . .      Spirit   .   r - +0 plate armour
rPois   .          Reflect  .   (no helmet)
rElec   .          Harm     .   (no cloak)
rCorr   .          Rampage  .   (no gloves)
Will    .....                   e - +0 pair of boots
Stlth   ..........              j - amulet of regeneration
HPRegen 1.00/turn               (no ring)
MPRegen 0.12/turn               (no ring)

@: reciting
A: no striking features
a: Renounce Religion, Recite, Vitalisation, Donate Gold


You were on level 5 of the Dungeon.
You worshipped Zin.
Zin was pleased with you.
You visited 1 branch of the dungeon, and saw 5 of its levels.

You collected 171 gold pieces.
You donated 17 gold pieces to Zin.

Inventory:

Hand Weapons
 a - a +0 war axe (weapon)
 l - a +0 morningstar
Missiles
 i - 13 poisoned darts (quivered)
 v - 6 javelins
Armour
 c - a +0 buckler (worn)
 e - a +0 pair of boots (worn)
 r - a +0 plate armour (worn)
Jewellery
 j - an amulet of regeneration (around neck)
Wands
 x - a wand of charming (6)
Scrolls
 b - a scroll of noise {unknown}
 f - a scroll of amnesia {unknown}
 k - a scroll of blinking {unknown}
 o - 2 scrolls of poison {unknown}
 q - a scroll of silence {unknown}
 t - 4 scrolls of identify {unknown}
 w - a scroll of enchant weapon {unknown}
 y - a scroll of immolation {unknown}
 z - a scroll of summoning {unknown}
Potions
 d - a potion of might
 g - 2 potions of heal wounds {unknown}
 h - 2 potions of flight {unknown}
 m - 3 potions of berserk rage {unknown}
 n - a potion of curing {unknown}
 p - a potion of ambrosia {unknown}
 s - a potion of resistance {unknown}
 u - a potion of brilliance {unknown}


   Skills:
 + Level 5.6 Fighting
 * Level 7.2 Axes
 + Level 4.3 Armour
 - Level 3.2 Shields
 + Level 4.0 Invocations


You had 6 spell levels left.
You didn't know any spells.
Your spell library contained the following spells:

 Spells                   Type           Power      Damage    Failure   Level
 Foxfire                  Conj/Fire      0%         2x1d4     100%        1
 Pain                     Necr           0%         1d4       100%        1
 Shock                    Conj/Air       0%         1d3       100%        1
 Slow                     Hex            0%         N/A       100%        1
 Sting                    Tmut/Pois      0%         1d3       100%        1
 Poisonous Vapours        Pois/Air       0%         N/A       100%        2
 Confusing Touch          Hex            0%         N/A       100%        3
 Conjure Flame            Conj/Fire      0%         6-21      100%        3
 Inner Flame              Hex/Fire       0%         N/A       100%        3
 Swiftness                Air            0%         N/A       100%        3
 Vampiric Draining        Necr           0%         2d6       100%        3
 Airstrike                Air            0%         N/A       100%        4
 Flame Wave               Conj/Fire      0%         2d4       100%        4
 Olgreb's Toxic Radiance  Pois           0%         N/A       100%        4
 Agony                    Necr           0%         N/A       100%        5
 Excruciating Wounds      Necr           0%         N/A       100%        5


Dungeon Overview and Level Annotations

Branches:
Dungeon (5/15)
 Temple: D:4-7

Altars:
Zin

Shops:
D:2 [


Message History

Things that are here:
a +0 short sword; a +0 hand axe; an orc corpse You see here a black bear corpse.
A dart slug comes into view.
Found 12 stones.
You see here a scroll labelled GEMEWN FAONUIL.
t - 4 scrolls labelled GEMEWN FAONUIL (gained 1)
The dart slug launches a dart at you. You block the slug dart.
The dart slug bites you but does no damage.
You hit the dart slug but do no damage. You slash the dart slug!
You kill the dart slug!
No target in view!
No target in view!
Found a stone staircase leading down.
Found a stone staircase leading down.
An ogre comes into view. It is wielding a +0 giant club.
Found a runed hat.
The ogre shouts!
You hit the ogre.
The ogre is lightly wounded.
The ogre hits you with a +0 giant club!
You barely miss the ogre.
The ogre is lightly wounded.
The ogre hits you with a +0 giant club!
You barely miss the ogre.
The ogre is lightly wounded.
The ogre hits you with a +0 giant club!!
* * * LOW HITPOINT WARNING * * *
You are too injured to fight recklessly!
Activating: Recite (1% risk of failure)
Press: ? - help, Dir - look around, f - activate You clear your throat and prepare to recite. "When the law of the land faltered, Zin rose..."
You hit the ogre.
The ogre is moderately wounded. "...from the silver throne, and the amorphous wretches were..."
The ogre hits you with a +0 giant club!!
You die...

#. #.#
#.#####. #.
#.# #.# #.
#. #.# #.#
#. #. #.#
#.# ## #.
#.# #.# #
#.####.# #.#
# #......#
#.# .
#>#.########
#.# #. #.
##@.....>.
.. #
#O########
##. #.. #.
..#. ##.[. #
.. ... ...


You could see an ogre.

Vanquished Creatures
  The ghost of Antichthon the Cudgeller, an amateur GrFi (D:4)
  A black bear (D:5)
  A phantom (D:2)
  An orc priest (D:5)
  2 iguanas (D:4)
  An orc wizard (D:3)
  3 adders
  An ufetubus (D:5)
  A worm (D:3)
  5 dart slugs
  8 orcs
  3 endoplasms
  3 giant cockroaches
  3 goblins
  3 hobgoblins
  6 jackals
  10 kobolds
  A quokka (D:3)
  5 ball pythons
  2 bats
  3 frilled lizards
  4 rats
68 creatures vanquished.

Notes
Turn   | Place    | Note
-------+----------+-------------------------------------------
     0 | D:1      | YayAnonymity the Hill Orc Fighter began the quest for the
                  | Orb.
     0 | D:1      | Reached XP level 1. HP: 19/19 MP: 1/1
   135 | D:1      | Reached skill level 3 in Axes
   176 | D:1      | Reached XP level 2. HP: 24/27 MP: 2/2
  1025 | D:2      | Found a glowing silver altar of Zin.
  1042 | D:2      | Became a worshipper of Zin the Law-Giver
  1156 | D:2      | Noticed a phantom
  1190 | D:2      | Killed a phantom
  1191 | D:2      | Reached skill level 5 in Axes
  1191 | D:2      | Reached skill level 1 in Invocations
  1191 | D:2      | Reached XP level 3. HP: 12/34 MP: 2/4
  1191 | D:2      | Reached XP level 4. HP: 15/41 MP: 2/5
  1641 | D:2      | Found Useruffa's Antique Armour Boutique.
  1900 | D:3      | Reached XP level 5. HP: 26/47 MP: 6/6
  2388 | D:3      | Reached * piety under Zin
  2574 | D:4      | Found a runed translucent door.
  2585 | D:4      | Noticed Antichthon's ghost (amateur GrFi)
  2635 | D:4      | Reached skill level 5 in Fighting
  2652 | D:4      | Reached XP level 6. HP: 56/56 MP: 8/8
  2682 | D:4      | Reached ** piety under Zin
  3051 | D:4      | Reached skill level 6 in Axes
  3055 | D:4      | Killed Antichthon's ghost
  3093 | D:5      | Entered Level 5 of the Dungeon
  3097 | D:5      | Noticed a black bear
  3101 | D:5      | Killed a black bear
  3102 | D:5      | Reached skill level 7 in Axes
  3102 | D:5      | Reached XP level 7. HP: 61/61 MP: 9/9
  3160 | D:5      | Slain by an ogre

Illustrated notes

Levels and vault maps discovered:
D:1:      amcnicky_arrival_gap_in_the_tavern_cellar, layout_loops_corners,
          chequers_arboretum, chequers_serial_rivers_small_a
D:2:      cheibrodos_old_hovel, layout_basic, basic_altar, serial_shops,
          nicolae_shop_hallway_stairs, minmay_tetromino_l2
D:3:      layout_basic
D:4:      layout_basic, ebering_ghost_sewer_d
D:5:      layout_loops_ring, uniq_grinder, uniq_eustachio

Skill      XL: |  1  2  3  4  5  6  7 |
---------------+----------------------+-----
Axes           | 3 5 7 |  7.2
Fighting       | 4 5 |  5.6
Invocations    | 1 2 3 4 |  4.0
Armour         | 4 |  4.3
Shields        | |  3.2

Action                   |  1- 3 |  4- 6 |  7- 9 || total
-------------------------+-------+-------+-------++-------
Melee: War axe           |    59 |   135 |    12 ||   206
Invok: Recite            |       |     1 |     1 ||     2
  Use: Potion            |       |     1 |       ||     1
 Stab: Confused          |       |     1 |       ||     1
Armor: Scale mail        |    31 |       |       ||    31
       Plate armour      |       |    89 |    10 ||    99
Dodge: Dodged            |    29 |    39 |       ||    68
Block: Buckler           |     8 |    37 |     1 ||    46

Table legend: (Time is in decaauts)
 A = Elapsed time spent in this place.
 B = Non-inter-level travel time spent in this place.
 C = Inter-level travel time spent in this place.
 D = Time resting spent in this place.
 E = Time spent auto-exploring this place.
 F = Levels seen in this place.
 G = Mean time per level.
                   A        B        C        D        E       F      G
               +--------+--------+--------+--------+--------+-----+--------+
         Total |   3227 |   3048 |    179 |     12 |   2417 |   5 |  645.4 |
       Dungeon |   3227 |   3048 |    179 |     12 |   2417 |   5 |  645.4 |
               +--------+--------+--------+--------+--------+-----+--------+

Top non-repeatable levels by time:
     D:1: 1035 daAuts
     D:2: 872 daAuts
     D:4: 676 daAuts
     D:3: 572 daAuts
     D:5: 71 daAuts
